AoeStats
← TheKushOverlord

Arena

508107862Analyzed
4v4 RM · 12d ago on Sep 20, 2026· 62m 47s· 8 players
Game mode
Random Map
Map size
Large (8 player)
Population
200
Speed
Normal
Resources
Standard
Victory
Conquest
Starting age
Dark Age
Ending age
Imperial Age
RankedLock teamsTeams togetherTeam positionsShared explorationLock speedFull tech treeHidden civsTurbo modeCheats
Victory
Defeat
🇺🇸 Persians · United States
918
+8
🇺🇸 Celts · United States
904
+9
🇺🇸 Italians · United States
880
+10
🇺🇸 Goths · United States
840
+11
🇺🇸 Khmer · United States
765
-10
🇮🇹 Celts · Italy
765
-11
🇹🇷 Teutons · Türkiye
755
-10
🇨🇴 Slavs · Colombia
664
-7
Salty Nuht1125
10:52 Feudal Age
11:44 Double-Bit Axe
11:46 Horse Collar
17:18 Castle Age
16:50 Wheelbarrow
20:41 Bow Saw
21:35 Hand Cart
24:21 Pikeman
29:56 Imperial Age
27:35 Loom
28:48 Forging
28:44 Scale Barding Armor
28:40 Scale Mail Armor
28:31 Fletching
29:20 Caravan
29:34 Stone Mining
29:35 Gold Mining
31:06 Bloodlines
30:57 Husbandry
31:36 Iron Casting
32:19 Gold Shaft Mining
32:22 Stone Shaft Mining
31:53 Heavy Plow
32:32 Siege Engineers
32:39 Fortified Wall
33:47 Bodkin Arrow
34:08 Chain Mail Armor
35:04 Crop Rotation
35:12 Bracer
38:06 Blast Furnace
37:12 Halberdier
40:02 Tusk Swords
43:09 Chain Barding Armor
43:05 Masonry
Kingslayers_
10:48 Feudal Age
11:57 Double-Bit Axe
14:40 Castle Age
12:40 Double-Bit Axe
23:48 Bow Saw
24:52 Horse Collar
29:50 Imperial Age
27:59 Heavy Plow
29:21 Ballistics
29:23 Gold Mining
30:27 Capped Ram
32:23 Chemistry
31:30 Siege Engineers
32:49 Furor Celtica
33:41 Heavy Scorpion
34:05 Siege Ram
metinyus5
10:46 Feudal Age
11:19 Double-Bit Axe
11:22 Horse Collar
17:02 Wheelbarrow
16:46 Gold Mining
16:47 Stone Mining
20:47 Castle Age
19:01 Arson
20:55 Loom
21:00 Town Watch
21:51 Bow Saw
22:34 Heavy Plow
23:03 Hand Cart
22:49 Town Patrol
27:12 Stone Mining
29:12 Stone Shaft Mining
29:39 Forging
29:35 Scale Barding Armor
29:30 Padded Archer Armor
29:21 Fletching
29:31 Scale Mail Armor
34:41 Imperial Age
33:31 Bodkin Arrow
33:52 Leather Archer Armor
35:27 Bloodlines
34:44 Pikeman
35:24 Squires
34:46 Cavalier
35:48 Halberdier
39:20 Ring Archer Armor
39:25 Iron Casting
39:06 Chain Mail Armor
39:12 Chain Barding Armor
40:59 Two-Man Saw
41:57 Crop Rotation
41:08 Capped Ram
43:17 Blast Furnace
42:47 Plate Mail Armor
42:41 Ballistics
43:22 Chemistry
42:33 Masonry
47:31 Plate Barding Armor
52:21 Elite Skirmisher
DolphinPizza
11:02 Feudal Age
11:54 Double-Bit Axe
13:46 Horse Collar
17:55 Castle Age
16:38 Stone Mining
20:24 Wheelbarrow
20:06 Gold Mining
23:25 Bow Saw
30:51 Imperial Age
30:10 Ballistics
30:24 Detinets
29:59 Pikeman
30:40 Squires
31:10 Man-at-Arms
32:36 Long Swordsman
33:18 Two-Handed Swordsman
35:12 Conscription
35:57 Gold Shaft Mining
35:46 Hand Cart
37:42 Chemistry
36:48 Champion
37:52 Scale Barding Armor
37:49 Scale Mail Armor
39:16 Elite Boyar
40:38 Fortified Wall
40:24 Murder Holes
41:38 Chain Barding Armor
41:34 Chain Mail Armor
42:51 Masonry
42:46 Siege Engineers
42:32 Guard Tower
44:00 Crossbowman
44:02 Elite Skirmisher
46:22 Druzhina
46:54 Heavy Cavalry Archer
48:24 Fletching
48:35 Padded Archer Armor
49:06 Plate Mail Armor
48:47 Forging
50:14 Two-Man Saw
49:27 Heavy Plow
50:16 Hoardings
49:12 Sappers
53:04 Bodkin Arrow
52:53 Halberdier
57:36 Plate Barding Armor
57:16 Leather Archer Armor
57:38 Iron Casting
57:58 Loom
59:46 Heavy Scorpion
TheKushOverlord
12:08 Feudal Age
12:48 Double-Bit Axe
16:46 Castle Age
18:35 Bow Saw
20:27 Wheelbarrow
20:42 Wheelbarrow
19:55 Loom
22:36 Stone Mining
24:39 Forging
24:30 Scale Mail Armor
26:13 Hand Cart
26:46 Squires
33:27 Caravan
33:50 Man-at-Arms
35:31 Iron Casting
35:11 Chain Mail Armor
37:54 Imperial Age
35:12 Long Swordsman
36:24 Horse Collar
36:22 Pikeman
37:58 Two-Handed Swordsman
39:45 Blast Furnace
39:04 Perfusion
39:09 Champion
39:56 Gold Mining
41:44 Conscription
44:23 Fletching
45:40 Chemistry
45:02 Ballistics
45:09 Sappers
45:15 Halberdier
47:56 Anarchy
47:18 Elite Huskarl
51:29 Two-Man Saw
50:37 Heavy Plow
zYaubolz
11:33 Feudal Age
16:49 Castle Age
15:52 Horse Collar
16:17 Double-Bit Axe
17:13 Wheelbarrow
18:35 Fervor
21:11 Loom
26:21 Hand Cart
30:37 Imperial Age
29:07 Fletching
29:46 Ballistics
30:05 Bodkin Arrow
30:39 Heavy Scorpion
32:03 Siege Engineers
40:02 Light Cavalry
40:43 Husbandry
48:20 Hussar
49:38 Forging
50:07 Scale Barding Armor
54:08 Caravan
60:40 Iron Casting
60:26 Chain Barding Armor
61:35 Chain Barding Armor
63:51 Blast Furnace
CuddlingPenguin
11:14 Feudal Age
15:29 Castle Age
16:56 Horse Collar
17:03 Double-Bit Axe
18:09 Fletching
23:04 Loom
24:10 Bow Saw
26:10 Heavy Plow
27:54 Gold Mining
27:56 Stone Mining
28:22 Fortified Wall
28:34 Ballistics
31:11 Imperial Age
29:43 Wheelbarrow
28:57 Town Watch
29:14 Caravan
30:43 Bodkin Arrow
30:49 Padded Archer Armor
31:20 Silk Road
32:25 Elite Genoese Crossbowman
33:38 Conscription
35:30 Chemistry
34:42 Masonry
34:15 Treadmill Crane
35:03 Fervor
35:11 Block Printing
35:35 Theocracy
36:22 Hand Cart
36:08 Town Patrol
36:27 Thumb Ring
38:02 Bracer
38:38 Architecture
38:49 Bloodlines
41:57 Guilds
43:36 Pirotechnia
47:16 Pikeman
55:35 Leather Archer Armor
57:05 Ring Archer Armor
60:06 Hoardings
59:33 Murder Holes
Hippochamp511
10:44 Feudal Age
14:12 Castle Age
12:28 Double-Bit Axe
12:29 Horse Collar
17:07 Bow Saw
20:39 Wheelbarrow
23:16 Gold Mining
24:19 Hand Cart
24:37 Loom
24:38 Town Watch
25:36 Gold Shaft Mining
25:53 Stone Mining
29:26 Imperial Age
28:17 Stone Shaft Mining
27:47 Heavy Plow
27:59 Scale Barding Armor
28:04 Forging
28:08 Bloodlines
27:58 Husbandry
29:22 Ballistics
29:13 Town Patrol
29:06 Cavalier
30:53 Two-Man Saw
30:35 Chain Barding Armor
30:50 Iron Casting
31:02 Savar
33:03 Conscription
34:06 Chemistry
34:01 Plate Barding Armor
35:23 Blast Furnace
35:38 Citadels
36:05 Hoardings
35:25 Fletching
44:34 Bodkin Arrow
51:47 Padded Archer Armor
53:33 Scale Mail Armor
55:29 Thumb Ring
59:19 Caravan
Connection lost

Rejoining the realm…

Still unreachable

The connection could not be restored.

Session expired

The server has moved on; the page needs a fresh start.